WCHLSIM.com - West Coast Hockey League
html PUBLIC "-//W3C//DTD XHTML 1.0 Transitional//EN" "http://www.w3.org/TR/xhtml1/DTD/xhtml1-transitional.dtd"> WCHL - Game 667 - LAS VEGAS LIZARD KINGS vs SASKATOON DUCKS

LAS VEGAS LIZARD KINGS vs SASKATOON DUCKS

Created - 23 janvier 2023 at 08:44

Goals
1 2 3 OT1 SO T
LAS VEGAS LIZARD KINGS 1 1 1 0 2 4
SASKATOON DUCKS 1 2 0 0 1 3
Shots
1 2 3 OT1 SO T
LAS VEGAS LIZARD KINGS 7 7 5 3 5 22
SASKATOON DUCKS 3 6 10 0 5 19

1st period

1. LAS VEGAS LIZARD KINGS , Evan Rodrigues 7 (Jeff Carter 18) at 1:12
2. SASKATOON DUCKS , Sidney Crosby 16 (Jake Guentzel 20, Samuel Girard 3) at 14:36

Penalties :
Brayden McNabb (LVG) for Tripping (Minor) at 15:39

2nd period

3. SASKATOON DUCKS , Jake Guentzel 21 (Sidney Crosby 33, Roman Josi 22) at 6:06 (PP)
4. SASKATOON DUCKS , Artemi Panarin 14 (Anthony Duclair 16, Claude Giroux 24) at 6:35
5. LAS VEGAS LIZARD KINGS , Brandon Hagel 9 (Sean Monahan 8, Zemgus Girgensons 4) at 12:46

Penalties :
Zemgus Girgensons (LVG) for Boarding (Minor) at 4:49, Roman Josi (SAS) for Hooking (Minor) at 10:28, Kailer Yamamoto (SAS) for Interference (Minor) at 19:59

3rd period

6. LAS VEGAS LIZARD KINGS , Johnny Gaudreau 25 (Nick Leddy 2, Matt Roy 3) at 4:46 (PP)

Penalties :
Roman Josi (SAS) for Tripping (Minor) at 4:22, Jeff Carter (LVG) for Holding (Minor) at 6:41

Overtime #1

No Goal

Penalties :
No Penalty

Shootout

LAS VEGAS LIZARD KINGS, Johnny Gaudreau - Stopped by Tristan Jarry
SASKATOON DUCKS, Sidney Crosby - Shot Misses the Net
LAS VEGAS LIZARD KINGS, Ryan Nugent-Hopkins - Stopped by Tristan Jarry
SASKATOON DUCKS, Jake Guentzel - Stopped by Mikko Koskinen
LAS VEGAS LIZARD KINGS, Nino Niederreiter - Shot Misses the Net
SASKATOON DUCKS, Artemi Panarin - Stopped by Mikko Koskinen
LAS VEGAS LIZARD KINGS, Jeff Carter - Goal!
SASKATOON DUCKS, Claude Giroux - Goal!
LAS VEGAS LIZARD KINGS, Evan Rodrigues - Goal!
SASKATOON DUCKS, Bryan Rust - Shot Misses the Net

Penalties :
No Penalty

Goalie Stats

Mikko Koskinen (LVG), 16 saves from 19 shots - (0,842), W, 14-12-4, 65:00 minutes
Tristan Jarry (SAS), 19 saves from 22 shots - (0,864), OTL, 22-14-1, 65:00 minutes

Players Stats for LAS VEGAS LIZARD KINGS

Player Name              G  A  P  +/- PIM S  H  SB GA TA FO     MP     PP MP  PK MP  
------------------------------------------------------------------------------------
Andrew Cogliano          0  0  0  -2  0   0  0  0  0  0  0/1     8:47   0:00   0:00 
Brandon Hagel            1  0  1   1  0   4  0  1  0  0  0/1    17:09   0:00   3:09 
Brayden McNabb           0  0  0   0  2   1  2  0  0  0  0/0    23:26   0:00   1:42 
Dylan Gambrell           0  0  0  -2  0   1  2  0  0  0  5/7     8:47   0:00   0:00 
Evan Rodrigues           1  0  1   1  0   2  1  0  0  0  1/3    17:01   2:06   1:09 
Jack Johnson             0  0  0   0  0   0  2  2  0  0  0/0    17:29   0:00   2:04 
Jeff Carter              0  1  1   1  2   1  0  0  0  0  10/13  15:51   2:06   0:00 
John Klingberg           0  0  0   1  0   0  0  1  0  0  0/0    25:27   1:51   2:59 
John Marino              0  0  0  -1  0   0  0  1  0  0  0/0    18:58   1:51   1:13 
Johnny Gaudreau          1  0  1   0  0   5  0  0  0  0  0/0    19:39   2:16   0:00 
Matt Roy                 0  1  1   0  0   3  1  2  0  0  0/0    19:05   2:31   1:11 
Matthew Nieto            0  0  0  -2  0   0  2  0  0  0  0/0     8:47   0:00   0:00 
Nick Leddy               0  1  1   0  0   0  1  2  0  0  0/0    20:34   2:31   1:21 
Nino Niederreiter        0  0  0   0  0   2  0  0  0  0  0/1    19:40   2:06   0:57 
Ryan Nugent-Hopkins      0  0  0   0  0   2  0  0  0  0  10/21  21:57   2:16   2:18 
Sean Monahan             0  1  1   1  0   0  0  0  0  0  7/9    15:48   0:00   1:48 
Victor Olofsson          0  0  0   1  0   0  0  0  0  0  0/0    16:09   2:16   0:00 
Zemgus Girgensons        0  1  1   1  2   1  1  0  0  0  1/3    15:08   0:00   1:09 

Players Stats for SASKATOON DUCKS

Player Name              G  A  P  +/- PIM S  H  SB GA TA FO     MP     PP MP  PK MP  
------------------------------------------------------------------------------------
Adam Erne                0  0  0   0  0   0  0  0  0  0  0/0     3:20   0:00   0:00 
Anthony Duclair          0  1  1   0  0   1  0  0  0  0  1/1    21:54   1:32   2:39 
Artemi Panarin           1  0  1   0  0   2  0  0  0  0  0/1    20:40   2:35   0:00 
Bryan Rust               0  0  0   0  0   1  0  0  0  0  1/1    22:36   2:35   1:43 
Claude Giroux            0  1  1   0  0   2  1  0  0  0  9/18   23:19   2:35   2:39 
Derick Brassard          0  0  0   0  0   1  1  0  0  0  0/1     3:55   0:35   0:00 
Ian Cole                 0  0  0   0  0   1  2  1  0  0  0/0    19:01   0:33   2:19 
Jake Guentzel            1  1  2   0  0   2  1  0  0  0  0/1    20:16   2:40   0:00 
Jake Sanderson           0  0  0  -1  0   0  1  0  0  0  0/0    22:04   3:10   0:00 
Jaycob Megna             0  0  0   1  0   1  2  4  0  0  0/0    17:05   0:00   2:03 
Kailer Yamamoto          0  0  0   0  2   1  2  0  0  0  0/0    15:41   0:00   0:00 
Kevin Shattenkirk        0  0  0   0  0   0  0  1  0  0  0/0    21:04   0:00   2:19 
Mathieu Joseph           0  0  0   0  0   1  3  0  0  0  0/1    15:42   0:00   0:00 
Roman Josi               0  1  1  -1  4   1  0  2  0  0  0/0    25:02   3:10   0:00 
Ryan Strome              0  0  0   0  0   1  1  0  0  0  3/14   19:30   2:05   1:43 
Samuel Girard            0  1  1   1  0   0  0  2  0  0  0/0    19:10   2:05   2:03 
Sidney Crosby            1  1  2   0  0   4  0  0  0  0  11/21  20:16   2:40   0:00 
William Borgen           0  0  0   0  0   0  0  0  0  0  0/0     0:00   0:00   0:00 

3 Stars

1 - Jake Guentzel (SAS)
2 - Evan Rodrigues (LVG)
3 - Sidney Crosby (SAS)

Power Play

LAS VEGAS LIZARD KINGS - 1 on 3 Attempt(s) - 33,33%
SASKATOON DUCKS - 1 on 3 Attempt(s) - 33,33%

Penalty Kill

LAS VEGAS LIZARD KINGS - 2 on 3 Attempt(s) - 66,67% - Score 0 goal in Penalty Kill
SASKATOON DUCKS - 2 on 3 Attempt(s) - 66,67% - Score 0 goal in Penalty Kill

Team Stat

LAS VEGAS LIZARD KINGS - Hits : 12 - Faceoff Wins : 34 - Blocked Shots : 9 - Penalty Minutes : 6
SASKATOON DUCKS - Hits : 14 - Faceoff Wins : 25 - Blocked Shots : 10 - Penalty Minutes : 6

Official

Referees : Mike Duco and Chris Rooney
Linesman : Colin Gates and Scott Cherrey

Game Notes

No Game Note

Finance

Level 1 -- Attendance: 6039 (91,50%) -- Ticket Income 845 460 $
Level 2 -- Attendance: 5600 (100,00%) -- Ticket Income 532 000 $
Level 3 -- Attendance: 2200 (100,00%) -- Ticket Income 143 000 $
Level 4 -- Attendance: 4600 (100,00%) -- Ticket Income 207 000 $
Luxury Box -- Attendance: 959 (95,90%) -- Ticket Income 249 340 $
Total Attendance: 19398 (96,99%)
Total Ticket Income: 1 976 800 $
Other Expense: 19 768 $
Total Income: 1 957 032 $

LAS VEGAS LIZARD KINGS

5 vs 5 Forward 
   Center                   Left Wing                Right Wing               Time % Phy DF OF 
 1 Ryan Nugent-Hopkins      Johnny Gaudreau          Nino Niederreiter        36     0   2  3  
 2 Jeff Carter              Evan Rodrigues           Victor Olofsson          31     0   2  3  
 3 Sean Monahan             Brandon Hagel            Zemgus Girgensons        23     1   3  1  
 4 Dylan Gambrell           Andrew Cogliano          Matthew Nieto            10     1   3  1  

5 vs 5 Defense 
   Defense                  Defense                                           Time % Phy DF OF 
 1 Brayden McNabb           John Klingberg                                    36     1   2  2  
 2 Nick Leddy               Matt Roy                                          31     1   2  2  
 3 John Marino              Jack Johnson                                      23     1   2  2  
 4 Brayden McNabb           John Klingberg                                    10     1   2  2  

PowerPlay Forward 
   Center                   Left Wing                Right Wing               Time % Phy DF OF 
 1 Ryan Nugent-Hopkins      Johnny Gaudreau          Victor Olofsson          55     0   0  5  
 2 Jeff Carter              Evan Rodrigues           Nino Niederreiter        45     0   0  5  

PowerPlay Defense
   Defense                  Defense                                           Time % Phy DF OF 
 1 John Marino              John Klingberg                                    55     0   0  5  
 2 Nick Leddy               Matt Roy                                          45     0   0  5  

Penalty Kill 4 Players Forward 
   Center                   Wing                     Time % Phy DF OF 
 1 Ryan Nugent-Hopkins      Brandon Hagel            55     1   4  0  
 2 Evan Rodrigues           Zemgus Girgensons        45     1   4  0  

Penalty Kill 4 Players Defense
   Defense                  Defense                  Time % Phy DF OF 
 1 Brayden McNabb           John Klingberg           55     1   4  0  
 2 Nick Leddy               Matt Roy                 45     1   4  0  

Penalty Kill - 3 Players Forward 
   Forward                                           Time % Phy DF OF 
 1 Zemgus Girgensons                                 55     1   2  2  
 2 Evan Rodrigues                                    45     1   2  2  

Penalty Kill - 3 Players Defense
   Defense                  Defense                  Time % Phy DF OF 
 1 Brayden McNabb           John Klingberg           55     1   2  2  
 2 Nick Leddy               Matt Roy                 45     1   2  2  

4 vs 4 Forward 
   Center                   Wing                     Time % Phy DF OF 
 1 Johnny Gaudreau          Ryan Nugent-Hopkins      55     1   2  2  
 2 Jeff Carter              Evan Rodrigues           45     1   2  2  

4 vs 4 Defense
   Defense                  Defense                  Time % Phy DF OF 
 1 Brayden McNabb           John Klingberg           55     1   2  2  
 2 Nick Leddy               Matt Roy                 45     1   2  2  

Last Minutes Offensive
   Center                   Left Wing                Right Wing               Defense                  Defense                  
   Ryan Nugent-Hopkins      Johnny Gaudreau          Nino Niederreiter        Brayden McNabb           John Klingberg           

Last Minutes Defensive
   Center                   Left Wing                Right Wing               Defense                  Defense                  
   Ryan Nugent-Hopkins      Johnny Gaudreau          Nino Niederreiter        Brayden McNabb           John Klingberg           

Goaltenders
Starting : Mikko Koskinen           
Backup : Spencer Knight           

Extra Forwards
Normal : Evan Rodrigues, Jeff Carter, Sean Monahan - PP : Evan Rodrigues, Nino Niederreiter - PK : Sean Monahan
Extra Defensemen
Normal : John Marino, Jack Johnson, Nick Leddy - PP : John Marino - PK : Jack Johnson, Nick Leddy
Penalty Shots
Johnny Gaudreau, Ryan Nugent-Hopkins, Nino Niederreiter, Jeff Carter, Evan Rodrigues
Custom OT Lines Forwards
Johnny Gaudreau, Ryan Nugent-Hopkins, Nino Niederreiter, Victor Olofsson, Evan Rodrigues, Jeff Carter, Brandon Hagel, Sean Monahan, Zemgus Girgensons, Matthew Nieto
Custom OT Lines Defensemen
Brayden McNabb, John Klingberg, Nick Leddy, Matt Roy, John Marino

Scratches
None

SASKATOON DUCKS

5 vs 5 Forward 
   Center                   Left Wing                Right Wing               Time % Phy DF OF 
 1 Sidney Crosby            Jake Guentzel            Bryan Rust               36     1   2  2  
 2 Claude Giroux            Artemi Panarin           Anthony Duclair          34     1   2  2  
 3 Ryan Strome              Mathieu Joseph           Kailer Yamamoto          24     1   2  2  
 4 Derick Brassard          Adam Erne                Bryan Rust               6      1   2  2  

5 vs 5 Defense 
   Defense                  Defense                                           Time % Phy DF OF 
 1 Jake Sanderson           Roman Josi                                        44     1   2  2  
 2 Ian Cole                 Kevin Shattenkirk                                 32     1   2  2  
 3 Samuel Girard            Jaycob Megna                                      24     1   2  2  
 4 Roman Josi               Kevin Shattenkirk                                 0      1   2  2  

PowerPlay Forward 
   Center                   Left Wing                Right Wing               Time % Phy DF OF 
 1 Sidney Crosby            Jake Guentzel            Ryan Strome              50     0   0  5  
 2 Claude Giroux            Artemi Panarin           Bryan Rust               50     0   0  5  

PowerPlay Defense
   Defense                  Defense                                           Time % Phy DF OF 
 1 Roman Josi               Jake Sanderson                                    55     0   0  5  
 2 Samuel Girard            Anthony Duclair                                   45     0   0  5  

Penalty Kill 4 Players Forward 
   Center                   Wing                     Time % Phy DF OF 
 1 Claude Giroux            Anthony Duclair          55     1   2  2  
 2 Ryan Strome              Bryan Rust               45     1   2  2  

Penalty Kill 4 Players Defense
   Defense                  Defense                  Time % Phy DF OF 
 1 Ian Cole                 Kevin Shattenkirk        55     1   2  2  
 2 Jaycob Megna             Samuel Girard            45     1   2  2  

Penalty Kill - 3 Players Forward 
   Forward                                           Time % Phy DF OF 
 1 Ryan Strome                                       55     1   2  2  
 2 Claude Giroux                                     45     1   2  2  

Penalty Kill - 3 Players Defense
   Defense                  Defense                  Time % Phy DF OF 
 1 Roman Josi               Kevin Shattenkirk        55     1   2  2  
 2 Jaycob Megna             Jake Sanderson           45     1   2  2  

4 vs 4 Forward 
   Center                   Wing                     Time % Phy DF OF 
 1 Sidney Crosby            Claude Giroux            55     1   2  2  
 2 Jake Guentzel            Artemi Panarin           45     1   2  2  

4 vs 4 Defense
   Defense                  Defense                  Time % Phy DF OF 
 1 Jake Sanderson           Roman Josi               55     1   2  2  
 2 Kevin Shattenkirk        Ian Cole                 45     1   2  2  

Last Minutes Offensive
   Center                   Left Wing                Right Wing               Defense                  Defense                  
   Sidney Crosby            Claude Giroux            Jake Guentzel            Jake Sanderson           Roman Josi               

Last Minutes Defensive
   Center                   Left Wing                Right Wing               Defense                  Defense                  
   Sidney Crosby            Jake Guentzel            Anthony Duclair          Ian Cole                 Roman Josi               

Goaltenders
Starting : Tristan Jarry            
Backup : Karel Vejmelka           

Extra Forwards
Normal : Claude Giroux, Sidney Crosby, Jake Guentzel - PP : Bryan Rust, Artemi Panarin - PK : Jake Guentzel
Extra Defensemen
Normal : Roman Josi, Ian Cole, Kevin Shattenkirk - PP : Ian Cole - PK : Jaycob Megna, Kevin Shattenkirk
Penalty Shots
Sidney Crosby, Jake Guentzel, Artemi Panarin, Claude Giroux, Bryan Rust
Custom OT Lines Forwards
Sidney Crosby, Jake Guentzel, Claude Giroux, Artemi Panarin, Anthony Duclair, Bryan Rust, Ryan Strome, Derick Brassard, Mathieu Joseph, Kailer Yamamoto
Custom OT Lines Defensemen
Roman Josi, Kevin Shattenkirk, Jake Sanderson, Samuel Girard, Ian Cole

Scratches
Alexander Edler (Torn Right Knee Ligaments Injury), Chris Wideman (Healthy), Ryan McDonagh (Back Surgery Injury)

% Time on Ice - LAS VEGAS LIZARD KINGS

Lines # - Real PCT - Wanted PCT - Time Play
Normal Forward
1 - 30% - 36% - 15:10
2 - 25% - 31% - 12:26
3 - 28% - 23% - 14:00
4 - 17% - 10% - 8:47
Normal Defense
1 - 33% - 36% - 16:25
2 - 31% - 31% - 15:23
3 - 32% - 23% - 15:54
4 - 5% - 10% - 2:41
PP Forward
1 - 52% - 55% - 2:16
2 - 48% - 45% - 2:06
PP Defense
1 - 42% - 55% - 1:51
2 - 58% - 45% - 2:31
PK Forward
1 - 69% - 55% - 3:37
2 - 31% - 45% - 1:38
PK Defense
1 - 83% - 55% - 4:22
2 - 17% - 45% - 0:53
PK3 Forward
1 - 0% - 55%
2 - 0% - 45%
PK3 Defense
1 - 0% - 55%
2 - 0% - 45%
44 Forward
1 - 0% - 55%
2 - 0% - 45%
44 Defense
1 - 0% - 55%
2 - 0% - 45%
Last Minute Offensive  - 0:00
Last Minute Defensive  - 0:00
Total
Forward - 60:00
Defense - 60:00

% Time on Ice - SASKATOON DUCKS

Lines # - Real PCT - Wanted PCT - Time Play
Normal Forward
1 - 30% - 36% - 14:54
2 - 33% - 34% - 16:27
3 - 31% - 24% - 15:42
4 - 7% - 6% - 3:20
Normal Defense
1 - 36% - 44% - 18:14
2 - 32% - 32% - 16:09
3 - 30% - 24% - 15:02
4 - 2% - 0% - 0:58
PP Forward
1 - 51% - 50% - 2:40
2 - 49% - 50% - 2:35
PP Defense
1 - 60% - 55% - 3:10
2 - 40% - 45% - 2:05
PK Forward
1 - 61% - 55% - 2:39
2 - 39% - 45% - 1:43
PK Defense
1 - 53% - 55% - 2:19
2 - 47% - 45% - 2:03
PK3 Forward
1 - 0% - 55%
2 - 0% - 45%
PK3 Defense
1 - 0% - 55%
2 - 0% - 45%
44 Forward
1 - 0% - 55%
2 - 0% - 45%
44 Defense
1 - 0% - 55%
2 - 0% - 45%
Last Minute Offensive  - 0:00
Last Minute Defensive  - 0:00
Total
Forward - 60:00
Defense - 60:00

Play-by-Play

1st period


0:01 of 1st period - Ryan Nugent-Hopkins wins face-off versus Sidney Crosby in neutral zone.
0:17 of 1st period - Shot by Ryan Nugent-Hopkins.
0:17 of 1st period - Shot Misses the Net.
1:04 of 1st period - Icing by Claude Giroux.
1:05 of 1st period - Jeff Carter wins face-off versus Claude Giroux in SASKATOON DUCKS zone.
1:12 of 1st period - Shot by Evan Rodrigues.
1:12 of 1st period - Goal by Evan Rodrigues - LAS VEGAS LIZARD KINGS : 1 - SASKATOON DUCKS : 0.
1:13 of 1st period - Sean Monahan wins face-off versus Ryan Strome in neutral zone.
1:37 of 1st period - Brandon Hagel is hit by Jaycob Megna and loses puck.
1:52 of 1st period - Shot by Ryan Strome.
1:52 of 1st period - Deflect By Mathieu Joseph.
1:52 of 1st period - Shot Misses the Net.
2:05 of 1st period - Icing by Brandon Hagel.
2:06 of 1st period - Claude Giroux wins face-off versus Sean Monahan in LAS VEGAS LIZARD KINGS zone.
2:21 of 1st period - Anthony Duclair is hit by Zemgus Girgensons and loses puck.
3:14 of 1st period - Shot by Victor Olofsson.
3:14 of 1st period - Shot Misses the Net.
3:54 of 1st period - Matthew Nieto is hit by Ian Cole.
5:42 of 1st period - Shot by Victor Olofsson.
5:42 of 1st period - Shot Misses the Net.
5:56 of 1st period - Shot by Jeff Carter.
5:56 of 1st period - Stopped by Tristan Jarry without a rebound.
5:57 of 1st period - Sean Monahan wins face-off versus Derick Brassard in SASKATOON DUCKS zone.
6:18 of 1st period - Shot by Bryan Rust.
6:18 of 1st period - Shot Blocked by John Marino.
7:10 of 1st period - Victor Olofsson is hit by Jaycob Megna and loses puck.
7:49 of 1st period - Shot by Sidney Crosby.
7:49 of 1st period - Stopped by Mikko Koskinen without a rebound.
7:50 of 1st period - Sidney Crosby wins face-off versus Dylan Gambrell in LAS VEGAS LIZARD KINGS zone.
8:15 of 1st period - Roman Josi is hit by Dylan Gambrell and loses puck.
8:20 of 1st period - Shot by Matt Roy.
8:20 of 1st period - Stopped by Tristan Jarry without a rebound.
8:21 of 1st period - Claude Giroux wins face-off versus Ryan Nugent-Hopkins in SASKATOON DUCKS zone.
9:25 of 1st period - Icing by John Marino.
9:26 of 1st period - Sidney Crosby wins face-off versus Evan Rodrigues in LAS VEGAS LIZARD KINGS zone.
9:30 of 1st period - Jake Guentzel is hit by Jack Johnson and loses puck.
10:25 of 1st period - Shot by Mathieu Joseph.
10:25 of 1st period - Shot Blocked by Jack Johnson.
10:27 of 1st period - Shot by Kailer Yamamoto.
10:27 of 1st period - Shot Blocked by Jack Johnson.
10:39 of 1st period - Shot by Kailer Yamamoto.
10:39 of 1st period - Shot Misses the Net.
12:07 of 1st period - Shot by Bryan Rust.
12:07 of 1st period - Stopped by Mikko Koskinen without a rebound.
12:08 of 1st period - Sidney Crosby wins face-off versus Zemgus Girgensons in LAS VEGAS LIZARD KINGS zone.
12:13 of 1st period - Shot by Bryan Rust.
12:13 of 1st period - Deflect By Sidney Crosby.
12:13 of 1st period - Shot Misses the Net.
12:21 of 1st period - Shot by Brandon Hagel.
12:21 of 1st period - Shot Misses the Net.
12:27 of 1st period - Shot by Brandon Hagel.
12:27 of 1st period - Stopped by Tristan Jarry with a rebound.
12:29 of 1st period - Shot by Brandon Hagel.
12:29 of 1st period - Stopped by Tristan Jarry with a rebound.
12:31 of 1st period - Shot by Brandon Hagel.
12:31 of 1st period - Shot Blocked by Samuel Girard.
12:45 of 1st period - Shot by Zemgus Girgensons.
12:45 of 1st period - Stopped by Tristan Jarry with a rebound.
12:47 of 1st period - Shot by Brayden McNabb.
12:47 of 1st period - Stopped by Tristan Jarry without a rebound.
12:48 of 1st period - Dylan Gambrell wins face-off versus Ryan Strome in SASKATOON DUCKS zone.
12:49 of 1st period - Shot by Matthew Nieto.
12:49 of 1st period - Shot Blocked by Ian Cole.
13:07 of 1st period - Shot by Kevin Shattenkirk.
13:07 of 1st period - Shot Misses the Net.
13:20 of 1st period - Icing by Nick Leddy.
13:21 of 1st period - Anthony Duclair wins face-off versus Dylan Gambrell in LAS VEGAS LIZARD KINGS zone.
14:34 of 1st period - Shot by Jake Guentzel.
14:34 of 1st period - Shot Misses the Net.
14:36 of 1st period - Shot by Sidney Crosby.
14:36 of 1st period - Goal by Sidney Crosby - LAS VEGAS LIZARD KINGS : 1 - SASKATOON DUCKS : 1.
14:37 of 1st period - Ryan Strome wins face-off versus Ryan Nugent-Hopkins in neutral zone.
15:15 of 1st period - Mathieu Joseph is hit by Brayden McNabb and loses puck.
15:39 of 1st period - Minor Penalty to Brayden McNabb for Tripping.
15:40 of 1st period - Evan Rodrigues wins face-off versus Claude Giroux in LAS VEGAS LIZARD KINGS zone.
16:19 of 1st period - Shot by Roman Josi.
16:19 of 1st period - Shot Blocked by Brandon Hagel.
19:16 of 1st period - Icing by Roman Josi.
19:17 of 1st period - Zemgus Girgensons wins face-off versus Ryan Strome in SASKATOON DUCKS zone.
19:18 of 1st period - Shot by Brandon Hagel.
19:18 of 1st period - Shot Misses the Net.
Goals for this period are 1 for LAS VEGAS LIZARD KINGS vs 1 for SASKATOON DUCKS.
Shots for this period are 7 for LAS VEGAS LIZARD KINGS vs 3 for SASKATOON DUCKS.

2nd period


0:01 of 2nd period - Ryan Nugent-Hopkins wins face-off versus Sidney Crosby in neutral zone.
0:08 of 2nd period - Shot by Jake Guentzel.
0:08 of 2nd period - Shot Blocked by John Klingberg.
0:10 of 2nd period - Shot by Sidney Crosby.
0:10 of 2nd period - Shot Misses the Net.
0:17 of 2nd period - Icing by Brayden McNabb.
0:18 of 2nd period - Claude Giroux wins face-off versus Ryan Nugent-Hopkins in LAS VEGAS LIZARD KINGS zone.
0:25 of 2nd period - Shot by Anthony Duclair.
0:25 of 2nd period - Shot Misses the Net.
0:56 of 2nd period - Icing by Brayden McNabb.
0:57 of 2nd period - Sidney Crosby wins face-off versus Ryan Nugent-Hopkins in LAS VEGAS LIZARD KINGS zone.
1:02 of 2nd period - Shot by Sidney Crosby.
1:02 of 2nd period - Stopped by Mikko Koskinen without a rebound.
1:03 of 2nd period - Sidney Crosby wins face-off versus Evan Rodrigues in LAS VEGAS LIZARD KINGS zone.
1:03 of 2nd period - Sidney Crosby is hit by Matt Roy.
1:50 of 2nd period - Shot by Bryan Rust.
1:50 of 2nd period - Shot Blocked by Nick Leddy.
3:00 of 2nd period - Jeff Carter is hit by Kailer Yamamoto and loses puck.
3:16 of 2nd period - Kailer Yamamoto is hit by Nick Leddy.
4:00 of 2nd period - Shot by Johnny Gaudreau.
4:00 of 2nd period - Shot Misses the Net.
4:02 of 2nd period - Shot by Ryan Nugent-Hopkins.
4:02 of 2nd period - Stopped by Tristan Jarry with a rebound.
4:04 of 2nd period - Shot by Johnny Gaudreau.
4:04 of 2nd period - Stopped by Tristan Jarry with a rebound.
4:23 of 2nd period - Mathieu Joseph is hit by Jack Johnson and loses puck.
4:49 of 2nd period - Minor Penalty to Zemgus Girgensons for Boarding.
4:50 of 2nd period - Claude Giroux wins face-off versus Ryan Nugent-Hopkins in LAS VEGAS LIZARD KINGS zone.
5:03 of 2nd period - Shot by Bryan Rust.
5:03 of 2nd period - Shot Misses the Net.
5:31 of 2nd period - Shot by Claude Giroux.
5:31 of 2nd period - Stopped by Mikko Koskinen without a rebound.
5:32 of 2nd period - Sidney Crosby wins face-off versus Ryan Nugent-Hopkins in LAS VEGAS LIZARD KINGS zone.
5:45 of 2nd period - Sean Monahan is hit by Derick Brassard and loses puck.
5:50 of 2nd period - Shot by Roman Josi.
5:50 of 2nd period - Shot Misses the Net.
5:52 of 2nd period - Shot by Jake Guentzel.
5:52 of 2nd period - Shot Misses the Net.
6:06 of 2nd period - Shot by Jake Guentzel.
6:06 of 2nd period - Goal by Jake Guentzel - LAS VEGAS LIZARD KINGS : 1 - SASKATOON DUCKS : 2.
6:07 of 2nd period - Dylan Gambrell wins face-off versus Claude Giroux in neutral zone.
6:31 of 2nd period - Shot by Artemi Panarin.
6:31 of 2nd period - Shot Misses the Net.
6:35 of 2nd period - Shot by Artemi Panarin.
6:35 of 2nd period - Goal by Artemi Panarin - LAS VEGAS LIZARD KINGS : 1 - SASKATOON DUCKS : 3.
6:36 of 2nd period - Sidney Crosby wins face-off versus Nino Niederreiter in neutral zone.
7:04 of 2nd period - Shot by Jake Guentzel.
7:04 of 2nd period - Shot Misses the Net.
7:06 of 2nd period - Shot by Sidney Crosby.
7:06 of 2nd period - Shot Blocked by Matt Roy.
7:08 of 2nd period - Shot by Ian Cole.
7:08 of 2nd period - Stopped by Mikko Koskinen without a rebound.
7:09 of 2nd period - Sean Monahan wins face-off versus Claude Giroux in LAS VEGAS LIZARD KINGS zone.
7:09 of 2nd period - Sean Monahan is hit by Claude Giroux.
7:45 of 2nd period - Shot by Claude Giroux.
7:45 of 2nd period - Shot Misses the Net.
8:04 of 2nd period - Off-side.
8:05 of 2nd period - Bryan Rust wins face-off versus Ryan Nugent-Hopkins in neutral zone.
8:48 of 2nd period - Shot by Johnny Gaudreau.
8:48 of 2nd period - Stopped by Tristan Jarry with a rebound.
8:50 of 2nd period - Shot by Nino Niederreiter.
8:50 of 2nd period - Stopped by Tristan Jarry without a rebound.
8:51 of 2nd period - Jeff Carter wins face-off versus Ryan Strome in SASKATOON DUCKS zone.
9:16 of 2nd period - Shot by Ryan Strome.
9:16 of 2nd period - Deflect By Kailer Yamamoto.
9:16 of 2nd period - Stopped by Mikko Koskinen without a rebound.
9:17 of 2nd period - Sean Monahan wins face-off versus Artemi Panarin in LAS VEGAS LIZARD KINGS zone.
9:48 of 2nd period - Icing by John Marino.
9:49 of 2nd period - Sidney Crosby wins face-off versus Brandon Hagel in LAS VEGAS LIZARD KINGS zone.
10:11 of 2nd period - Icing by Jack Johnson.
10:12 of 2nd period - Sean Monahan wins face-off versus Ryan Strome in LAS VEGAS LIZARD KINGS zone.
10:12 of 2nd period - Sean Monahan is hit by Mathieu Joseph.
10:15 of 2nd period - Zemgus Girgensons is hit by Mathieu Joseph.
10:28 of 2nd period - Minor Penalty to Roman Josi for Hooking.
10:29 of 2nd period - Ryan Nugent-Hopkins wins face-off versus Claude Giroux in SASKATOON DUCKS zone.
10:42 of 2nd period - Shot by Ryan Nugent-Hopkins.
10:42 of 2nd period - Shot Misses the Net.
10:44 of 2nd period - Shot by Johnny Gaudreau.
10:44 of 2nd period - Stopped by Tristan Jarry with a rebound.
11:04 of 2nd period - Shot by Victor Olofsson.
11:04 of 2nd period - Shot Blocked by Jaycob Megna.
11:06 of 2nd period - Shot by Matt Roy.
11:06 of 2nd period - Shot Blocked by Jaycob Megna.
11:43 of 2nd period - Off-side.
11:44 of 2nd period - Jeff Carter wins face-off versus Claude Giroux in neutral zone.
12:01 of 2nd period - Shot by John Klingberg.
12:01 of 2nd period - Shot Blocked by Samuel Girard.
12:03 of 2nd period - Shot by John Klingberg.
12:03 of 2nd period - Shot Blocked by Jaycob Megna.
12:46 of 2nd period - Shot by Brandon Hagel.
12:46 of 2nd period - Goal by Brandon Hagel - LAS VEGAS LIZARD KINGS : 2 - SASKATOON DUCKS : 3.
12:47 of 2nd period - Dylan Gambrell wins face-off versus Ryan Strome in neutral zone.
12:52 of 2nd period - Kailer Yamamoto is hit by Matthew Nieto.
13:08 of 2nd period - Shot by Matthew Nieto.
13:08 of 2nd period - Deflect By Dylan Gambrell.
13:08 of 2nd period - Stopped by Tristan Jarry with a rebound.
13:10 of 2nd period - Shot by Dylan Gambrell.
13:10 of 2nd period - Shot Misses the Net.
14:18 of 2nd period - Shot by Jake Guentzel.
14:18 of 2nd period - Shot Misses the Net.
14:20 of 2nd period - Shot by Roman Josi.
14:20 of 2nd period - Shot Misses the Net.
15:38 of 2nd period - Shot by Kevin Shattenkirk.
15:38 of 2nd period - Shot Misses the Net.
17:59 of 2nd period - Shot by Claude Giroux.
17:59 of 2nd period - Shot Misses the Net.
19:32 of 2nd period - Icing by Brayden McNabb.
19:33 of 2nd period - Dylan Gambrell wins face-off versus Mathieu Joseph in LAS VEGAS LIZARD KINGS zone.
19:33 of 2nd period - Dylan Gambrell is hit by Ryan Strome.
19:49 of 2nd period - Johnny Gaudreau is hit by Mathieu Joseph and loses puck.
19:59 of 2nd period - Minor Penalty to Kailer Yamamoto for Interference.
Goals for this period are 1 for LAS VEGAS LIZARD KINGS vs 2 for SASKATOON DUCKS.
Shots for this period are 7 for LAS VEGAS LIZARD KINGS vs 6 for SASKATOON DUCKS.

3rd period


0:01 of 3rd period - Ryan Nugent-Hopkins wins face-off versus Claude Giroux in neutral zone.
0:26 of 3rd period - Shot by Johnny Gaudreau.
0:26 of 3rd period - Shot Blocked by Kevin Shattenkirk.
0:57 of 3rd period - Shot by Nino Niederreiter.
0:57 of 3rd period - Stopped by Tristan Jarry without a rebound.
0:58 of 3rd period - Claude Giroux wins face-off versus Jeff Carter in SASKATOON DUCKS zone.
1:04 of 3rd period - Icing by Nick Leddy.
1:05 of 3rd period - Jeff Carter wins face-off versus Claude Giroux in LAS VEGAS LIZARD KINGS zone.
1:26 of 3rd period - Shot by Matt Roy.
1:26 of 3rd period - Stopped by Tristan Jarry with a rebound.
2:18 of 3rd period - Shot by Sean Monahan.
2:18 of 3rd period - Deflect By Brandon Hagel.
2:18 of 3rd period - Stopped by Tristan Jarry without a rebound.
2:19 of 3rd period - Dylan Gambrell wins face-off versus Ryan Strome in SASKATOON DUCKS zone.
2:26 of 3rd period - Shot by Dylan Gambrell.
2:26 of 3rd period - Shot Misses the Net.
2:50 of 3rd period - Ryan Strome is hit by Matthew Nieto.
3:03 of 3rd period - Shot by Jaycob Megna.
3:03 of 3rd period - Stopped by Mikko Koskinen with a rebound.
4:21 of 3rd period - Ryan Nugent-Hopkins is hit by Jake Sanderson.
4:22 of 3rd period - Minor Penalty to Roman Josi for Tripping.
4:23 of 3rd period - Ryan Nugent-Hopkins wins face-off versus Ryan Strome in SASKATOON DUCKS zone.
4:42 of 3rd period - Shot by Ryan Nugent-Hopkins.
4:42 of 3rd period - Shot Misses the Net.
4:44 of 3rd period - Shot by Matt Roy.
4:44 of 3rd period - Stopped by Tristan Jarry with a rebound.
4:46 of 3rd period - Shot by Nick Leddy.
4:46 of 3rd period - Deflect By Johnny Gaudreau.
4:46 of 3rd period - Goal by Johnny Gaudreau - LAS VEGAS LIZARD KINGS : 3 - SASKATOON DUCKS : 3.
4:47 of 3rd period - Jeff Carter wins face-off versus Sidney Crosby in neutral zone.
4:49 of 3rd period - Off-side.
4:50 of 3rd period - Sean Monahan wins face-off versus Sidney Crosby in neutral zone.
5:11 of 3rd period - Shot by Jake Guentzel.
5:11 of 3rd period - Shot Misses the Net.
5:13 of 3rd period - Shot by Samuel Girard.
5:13 of 3rd period - Shot Misses the Net.
5:59 of 3rd period - Shot by Mathieu Joseph.
5:59 of 3rd period - Stopped by Mikko Koskinen without a rebound.
6:00 of 3rd period - Jeff Carter wins face-off versus Claude Giroux in LAS VEGAS LIZARD KINGS zone.
6:41 of 3rd period - Minor Penalty to Jeff Carter for Holding.
6:42 of 3rd period - Sidney Crosby wins face-off versus Ryan Nugent-Hopkins in LAS VEGAS LIZARD KINGS zone.
6:47 of 3rd period - Shot by Anthony Duclair.
6:47 of 3rd period - Shot Misses the Net.
7:29 of 3rd period - Shot by Roman Josi.
7:29 of 3rd period - Stopped by Mikko Koskinen with a rebound.
8:15 of 3rd period - Icing by Jake Guentzel.
8:16 of 3rd period - Ryan Nugent-Hopkins wins face-off versus Sidney Crosby in SASKATOON DUCKS zone.
8:37 of 3rd period - Shot by Ryan Strome.
8:37 of 3rd period - Stopped by Mikko Koskinen without a rebound.
8:38 of 3rd period - Claude Giroux wins face-off versus Zemgus Girgensons in LAS VEGAS LIZARD KINGS zone.
8:53 of 3rd period - Shot by Derick Brassard.
8:53 of 3rd period - Stopped by Mikko Koskinen without a rebound.
8:54 of 3rd period - Jeff Carter wins face-off versus Ryan Strome in LAS VEGAS LIZARD KINGS zone.
9:07 of 3rd period - Icing by Kevin Shattenkirk.
9:08 of 3rd period - Ryan Strome wins face-off versus Ryan Nugent-Hopkins in SASKATOON DUCKS zone.
9:20 of 3rd period - Icing by Nino Niederreiter.
9:21 of 3rd period - Sidney Crosby wins face-off versus Ryan Nugent-Hopkins in LAS VEGAS LIZARD KINGS zone.
9:42 of 3rd period - Shot by Jake Guentzel.
9:42 of 3rd period - Stopped by Mikko Koskinen with a rebound.
11:05 of 3rd period - Icing by Brayden McNabb.
11:06 of 3rd period - Ryan Nugent-Hopkins wins face-off versus Ryan Strome in LAS VEGAS LIZARD KINGS zone.
11:08 of 3rd period - Johnny Gaudreau is hit by Kailer Yamamoto and loses puck.
11:50 of 3rd period - Evan Rodrigues is hit by Ian Cole and loses puck.
11:54 of 3rd period - Icing by Kevin Shattenkirk.
11:55 of 3rd period - Sean Monahan wins face-off versus Ryan Strome in SASKATOON DUCKS zone.
12:19 of 3rd period - Shot by Sidney Crosby.
12:19 of 3rd period - Stopped by Mikko Koskinen with a rebound.
12:38 of 3rd period - Icing by Jake Sanderson.
12:39 of 3rd period - Jeff Carter wins face-off versus Jake Guentzel in SASKATOON DUCKS zone.
13:05 of 3rd period - Icing by Matt Roy.
13:06 of 3rd period - Claude Giroux wins face-off versus Jeff Carter in LAS VEGAS LIZARD KINGS zone.
13:11 of 3rd period - Shot by Claude Giroux.
13:11 of 3rd period - Stopped by Mikko Koskinen without a rebound.
13:12 of 3rd period - Claude Giroux wins face-off versus Andrew Cogliano in LAS VEGAS LIZARD KINGS zone.
13:13 of 3rd period - Shot by Artemi Panarin.
13:13 of 3rd period - Stopped by Mikko Koskinen without a rebound.
13:14 of 3rd period - Claude Giroux wins face-off versus Sean Monahan in LAS VEGAS LIZARD KINGS zone.
13:17 of 3rd period - Shot by Artemi Panarin.
13:17 of 3rd period - Shot Blocked by Matt Roy.
13:19 of 3rd period - Shot by Claude Giroux.
13:19 of 3rd period - Shot Misses the Net.
13:38 of 3rd period - Shot by Artemi Panarin.
13:38 of 3rd period - Deflect By Claude Giroux.
13:38 of 3rd period - Shot Blocked by Nick Leddy.
13:40 of 3rd period - Shot by Ian Cole.
13:40 of 3rd period - Shot Misses the Net.
13:42 of 3rd period - Shot by Anthony Duclair.
13:42 of 3rd period - Shot Misses the Net.
13:44 of 3rd period - Shot by Anthony Duclair.
13:44 of 3rd period - Stopped by Mikko Koskinen without a rebound.
13:45 of 3rd period - Jeff Carter wins face-off versus Sidney Crosby in LAS VEGAS LIZARD KINGS zone.
14:14 of 3rd period - Shot by Evan Rodrigues.
14:14 of 3rd period - Shot Blocked by Roman Josi.
14:40 of 3rd period - Nino Niederreiter is hit by Jake Guentzel.
15:06 of 3rd period - Artemi Panarin is hit by Brayden McNabb and loses puck.
16:27 of 3rd period - Shot by Sean Monahan.
16:27 of 3rd period - Deflect By Brandon Hagel.
16:27 of 3rd period - Shot Blocked by Jaycob Megna.
16:32 of 3rd period - Off-side.
16:33 of 3rd period - Jeff Carter wins face-off versus Sidney Crosby in neutral zone.
17:38 of 3rd period - Claude Giroux is hit by Dylan Gambrell and loses puck.
17:59 of 3rd period - Shot by Matthew Nieto.
17:59 of 3rd period - Shot Misses the Net.
18:01 of 3rd period - Shot by Matt Roy.
18:01 of 3rd period - Shot Misses the Net.
18:19 of 3rd period - Shot by Brandon Hagel.
18:19 of 3rd period - Shot Misses the Net.
19:25 of 3rd period - Icing by Jaycob Megna.
19:26 of 3rd period - Ryan Strome wins face-off versus Jeff Carter in SASKATOON DUCKS zone.
19:26 of 3rd period - Ryan Strome is hit by Evan Rodrigues.
Goals for this period are 1 for LAS VEGAS LIZARD KINGS vs 0 for SASKATOON DUCKS.
Shots for this period are 5 for LAS VEGAS LIZARD KINGS vs 10 for SASKATOON DUCKS.

Overtime #1


0:01 of 1st overtime period - Ryan Nugent-Hopkins wins face-off versus Sidney Crosby in neutral zone.
0:08 of 1st overtime period - Shot by Ryan Nugent-Hopkins.
0:08 of 1st overtime period - Stopped by Tristan Jarry without a rebound.
0:09 of 1st overtime period - Ryan Nugent-Hopkins wins face-off versus Sidney Crosby in SASKATOON DUCKS zone.
0:42 of 1st overtime period - Shot by Johnny Gaudreau.
0:42 of 1st overtime period - Stopped by Tristan Jarry without a rebound.
0:43 of 1st overtime period - Sidney Crosby wins face-off versus Ryan Nugent-Hopkins in SASKATOON DUCKS zone.
0:48 of 1st overtime period - Shot by Ryan Nugent-Hopkins.
0:48 of 1st overtime period - Shot Misses the Net.
0:50 of 1st overtime period - Shot by John Klingberg.
0:50 of 1st overtime period - Shot Blocked by Roman Josi.
0:56 of 1st overtime period - Shot by Johnny Gaudreau.
0:56 of 1st overtime period - Deflect By Ryan Nugent-Hopkins.
0:56 of 1st overtime period - Shot Misses the Net.
2:52 of 1st overtime period - Shot by Evan Rodrigues.
2:52 of 1st overtime period - Stopped by Tristan Jarry without a rebound.
2:53 of 1st overtime period - Ryan Nugent-Hopkins wins face-off versus Sidney Crosby in SASKATOON DUCKS zone.
Goals for this period are 0 for LAS VEGAS LIZARD KINGS vs 0 for SASKATOON DUCKS.
Shots for this period are 3 for LAS VEGAS LIZARD KINGS vs 0 for SASKATOON DUCKS.

ShootOut


5:00 of 1st overtime period - Round #1.
5:00 of 1st overtime period - LAS VEGAS LIZARD KINGS, Johnny Gaudreau.
5:00 of 1st overtime period - Stopped by Tristan Jarry.
5:00 of 1st overtime period - SASKATOON DUCKS, Sidney Crosby.
5:00 of 1st overtime period - Shot Misses the Net.
5:00 of 1st overtime period - Round #2.
5:00 of 1st overtime period - LAS VEGAS LIZARD KINGS, Ryan Nugent-Hopkins.
5:00 of 1st overtime period - Stopped by Tristan Jarry.
5:00 of 1st overtime period - SASKATOON DUCKS, Jake Guentzel.
5:00 of 1st overtime period - Stopped by Mikko Koskinen.
5:00 of 1st overtime period - Round #3.
5:00 of 1st overtime period - LAS VEGAS LIZARD KINGS, Nino Niederreiter.
5:00 of 1st overtime period - Shot Misses the Net.
5:00 of 1st overtime period - SASKATOON DUCKS, Artemi Panarin.
5:00 of 1st overtime period - Stopped by Mikko Koskinen.
5:00 of 1st overtime period - Round #4.
5:00 of 1st overtime period - LAS VEGAS LIZARD KINGS, Jeff Carter.
5:00 of 1st overtime period - Goal by Jeff Carter.
5:00 of 1st overtime period - SASKATOON DUCKS, Claude Giroux.
5:00 of 1st overtime period - Goal by Claude Giroux.
5:00 of 1st overtime period - Round #5.
5:00 of 1st overtime period - LAS VEGAS LIZARD KINGS, Evan Rodrigues.
5:00 of 1st overtime period - Goal by Evan Rodrigues.
5:00 of 1st overtime period - SASKATOON DUCKS, Bryan Rust.
5:00 of 1st overtime period - Shot Misses the Net.


OWEN
TIPPETT
GUSTAV
FORSLING
MATTHEW
BOLDY

EAST COAST

HOCKEY LEAGUE

  • 67.PIT4RHI2
  • 68.ATL5WOR3
  • 69.QUECHW
  • 70.CHATRV